 Dungeon Crawl Stone Soup version 0.28.0 (webtiles) character file.

Game seed: 4904094909595069646

4461 BeingJoeMalik the Spear-Bearer (level 10, -10/86 HPs)
             Began as a Black Draconian Fighter on Feb 15, 2022.
             Was a High Priest of Sif Muna.
             Mangled by an ogre (19 damage)
             ... in a bailey.
             The game lasted 00:27:14 (10127 turns).

BeingJoeMalik the Spear-Bearer (DrFi)              Turns: 10127, Time: 00:27:15

Health: -10/86     AC: 12    Str: 19    XL:     10   Next: 15%
Magic:  17/17      EV: 12    Int: 18    God:    Sif Muna [*****.]
Gold:   184        SH:  5    Dex: 11    Spells: 14/18 levels left

rFire   . . .      SeeInvis .   a - +0 trident (protect)
rCold   . . .      Faith    +   b - +1 buckler
rNeg    . . .      Spirit   .   (armour unavailable)
rPois   .          Reflect  .   (helmet restricted)
rElec   +          Harm     .   x - +2 cloak
rCorr   +          Rampage  .   (no gloves)
Will    .....                   m - +1 pair of boots "Kaug" {rCorr}
Stlth   +.........              d - amulet of faith
HPRegen 0.24/turn               l - +6 ring of intelligence
MPRegen 0.15/turn               (no ring)

@: mighty, short of breath, attractive
A: breathe lightning, AC +7, unfitting armour, electricity resistance,
cold-blooded
a: Breathe Lightning, Renounce Religion, Channel Magic, Forget Spell, Divine
Exegesis


You were in a bailey.
You worshipped Sif Muna.
Sif Muna was extremely pleased with you.
You visited 2 branches of the dungeon, and saw 9 of its levels.
You also visited: Bailey.

You collected 424 gold pieces.
You spent 240 gold pieces at shops.

Inventory:

Hand Weapons
 a - a +0 trident of protection (weapon)
Missiles
 n - 20 poisoned darts (quivered)
Armour
 b - a +1 buckler (worn)
 m - the +1 pair of boots "Kaug" (worn) {rCorr}
   (You acquired it on level 3 of the Dungeon)

   rCorr:     It protects you from acid and corrosion.
 x - a +2 cloak (worn)
Jewellery
 d - an amulet of faith (around neck)
 l - a +6 ring of intelligence (left hand)
Wands
 f - a wand of digging (5)
 i - a wand of flame (9)
 t - a wand of acid (11)
Scrolls
 k - a scroll of teleportation
 o - 3 scrolls of blinking
 r - 2 scrolls of amnesia
 u - 2 scrolls of enchant armour
 w - 2 scrolls of immolation
 y - a scroll of summoning
Potions
 c - a potion of might
 e - a potion of cancellation
 g - 2 potions of flight
 h - a potion of berserk rage {unknown}
 j - a potion of attraction
 p - 2 potions of mutation
 q - 4 potions of curing {unknown}
 v - a potion of degeneration


   Skills:
 + Level 7.3 Fighting
 + Level 11.5 Polearms
 - Level 3.0 Dodging
 + Level 4.3 Shields
 * Level 4.9 Spellcasting
 - Level 3.1 Conjurations


You had 14 spell levels left.
You knew the following spells:

 Your Spells              Type           Power      Damage    Failure   Level
a - Foxfire               Conj/Fire      40%        2x1d6     9%          1
b - Magic Dart            Conj           60%        1d6       4%          1
c - Call Imp              Summ           4%         N/A       26%         2

Your spell library contained the following spells:

 Spells                   Type           Power      Damage    Failure   Level
 Sandblast                Erth           8%         2d5       17%         1
 Slow                     Hex            16%        N/A       17%         1
 Ensorcelled Hibernation  Hex/Ice        8%         N/A       26%         2
 Passwall                 Tmut/Erth      3%         N/A       26%         2
 Conjure Flame            Conj/Fire      10%        6-21      26%         3
 Dazzling Flash           Conj/Hex       20%        N/A       26%         3
 Stone Arrow              Conj/Erth      20%        3d8       26%         3
 Mephitic Cloud           Conj/Pois/Air  8%         N/A       32%         3
 Confusing Touch          Hex            4%         N/A       45%         3
 Inner Flame              Hex/Fire       4%         N/A       45%         3
 Swiftness                Air            4%         N/A       45%         3
 Tukima's Dance           Hex            4%         N/A       45%         3
 Vampiric Draining        Necr           4%         2d6       45%         3
 Flame Wave               Conj/Fire      10%        2d5       65%         4
 Anguish                  Hex/Necr       2%         N/A       86%         4
 Agony                    Necr           4%         N/A       99%         5
 Silence                  Hex/Air        2%         N/A       99%         5
 Enfeeble                 Hex            2%         N/A       100%        7


Dungeon Overview and Level Annotations

Branches:
Dungeon (8/15)             Temple (1/1) D:6          Bailey (1/1)
   Lair: D:8-11

Altars:
Dithmenos
Fedhas
Okawaru
Ru
Sif Muna
Trog
Vehumet
Xom

Shops:
D:4 *   D:5 ?

Annotations:
D:3 1 runed translucent door, Crazy Yiuf
D:7 2 runed translucent doors, JerBear56's ghost, novice GrBe


Innate Abilities, Weirdness & Mutations

You can breathe wild blasts of lightning.
Your glossy black scales are hard. (AC +7)
You cannot fit into any form of body armour.
You are resistant to electric shocks. (rElec)
You are cold-blooded and may be slowed by cold attacks.


Message History

The ogre barely misses you.
The spriggan is engulfed in blazing flames.
You reach to attack!
You closely miss the spriggan.
The two-headed ogre is engulfed in blazing flames.
The spriggan is engulfed in a forest fire.
You block the spriggan's attack.
You reach to attack!
You closely miss the spriggan. The ogre hits you but does no damage.
An ogre comes into view. It is wielding a +0 halberd.
The spriggan is engulfed in blazing flames.
You kill the spriggan!
Sif Muna accepts your kill.
The two-headed ogre is engulfed in blazing flames.
An ogre comes into view. It is wielding a +0 halberd.
The ogre hits you from afar with a +0 halberd!
You are too injured to fight recklessly!
The two-headed ogre is engulfed in a forest fire.
You feel very mighty all of a sudden.
The ogre shouts!
You hear a roar!
The spriggan hits you from afar with a +0 trident.
The two-headed ogre is engulfed in blazing flames.
The ogre hits you from afar with a +0 halberd!
* * * LOW HITPOINT WARNING * * *
The forest fire spreads!
Reach: a) +0 trident (protect)
Press: ? - help, Dir - move target, f/p - spriggan
Aim: a spriggan, wielding a +0 trident (about 62% to evade your +0 trident of protection)
You reach to attack!
You closely miss the spriggan. The ogre barely misses you.
The spriggan misses you.
Unknown command.
It was a potion of attraction.
You feel attractive to monsters.
The ogre hits you from afar with a +0 halberd.
* * * LOW HITPOINT WARNING * * *
The spriggan splashes around in the water.
The ogre hits you from afar with a +0 halberd!
* * * LOW HITPOINT WARNING * * *
The ogre is attracted toward you. x3
The ogre hits you from afar with a +0 halberd!!
You die...

. ### .. ##.##
#.. ##...##
#.. #.....#
#..###.....##
.§§.§≈§i.∩...#
.§§.≈OOO.@...#
.♣§.≈≈≈O.....#
#..≈≈§O.....#
♣..≈≈≈..∩...#
#..###.....##
#..# #.....#
#..# ##...##
..# ##.## ###


You could see a two-headed ogre, 4 ogres and a spriggan.

Vanquished Creatures
  Maggie (D:7)
  An unseen horror (D:8)
  A hornet (D:7)
  Sigmund (D:3)
  A spriggan (Bailey)
  A wyvern (D:5)
  Menkaure (D:7)
  A water moccasin (D:7)
  An ice beast (D:5)
  A sky beast (D:7)
  2 black bears
  2 necrophages
  3 centaurs
  2 ogres (Bailey)
  2 kobold brigands
  Blork the orc (D:4)
  3 bullfrogs (D:8)
  2 scorpions (D:4)
  2 water moccasin skeletons
  A wyvern skeleton (D:6)
  6 killer bees (D:7)
  3 wights (D:8)
  A howler monkey (D:5)
  2 centaur zombies
  2 jellies (D:6)
  4 hounds
  2 centaur skeletons
  2 bullfrog skeletons
  A scorpion zombie (D:5)
  Ijyb (D:3)
  3 iguanas
  3 orc wizards
  A hound skeleton (D:5)
  A howler monkey zombie (D:7)
  Robin (D:3)
  4 gnolls
  16 adders
  A shadow imp (D:5)
  2 ufetubi (D:5)
  3 worms
  5 dart slugs
  19 orcs
  12 bats
  9 endoplasms
  8 giant cockroaches
  15 goblins
  18 hobgoblins
  3 jackals (D:2)
  10 kobolds
  5 quokkas
  5 ball pythons
  2 frilled lizards
  A jackal skeleton (D:4)
  4 rats (D:2)
205 creatures vanquished.

Vanquished Creatures (others)
  An unseen horror (D:6)
  A shadow imp (D:7)
  10 foxfires
  4 plants (D:4)
16 creatures vanquished.

Grand Total: 221 creatures vanquished

Notes
Turn   | Place    | Note
-------+----------+-------------------------------------------
     0 | D:1      | BeingJoeMalik the Draconian Fighter began the quest for the
                  | Orb.
     0 | D:1      | Reached XP level 1. HP: 19/19 MP: 1/1
   321 | D:1      | Reached XP level 2. HP: 26/26 MP: 2/2
   556 | D:1      | Found a faded altar of an unknown god.
   560 | D:1      | Got Plato's Incunabulum of the Rocks
   561 | D:1      | Prayed at the altar of an unknown god.
   561 | D:1      | Became a worshipper of Sif Muna the Loreminder
   561 | D:1      | Reached * piety under Sif Muna
   748 | D:2      | Reached XP level 3. HP: 31/31 MP: 3/3
   769 | D:2      | Reached skill level 3 in Polearms
  1035 | D:2      | Identified the +6 triple sword "Z" {flame, Will+}
  1378 | D:2      | Reached XP level 4. HP: 38/38 MP: 4/4
  1408 | D:2      | Reached ** piety under Sif Muna
  1445 | D:2      | Learned a level 1 spell: Foxfire
  1573 | D:2      | Reached skill level 4 in Polearms
  2268 | D:3      | Noticed Ijyb
  2278 | D:3      | Killed Ijyb
  2498 | D:3      | Noticed Robin
  2502 | D:3      | Killed Robin
  2503 | D:3      | Reached XP level 5. HP: 42/45 MP: 5/5
  2934 | D:3      | Reached skill level 5 in Polearms
  2966 | D:3      | Noticed Sigmund
  2981 | D:3      | Killed Sigmund
  2982 | D:3      | Reached skill level 6 in Polearms
  2982 | D:3      | Reached XP level 6. HP: 45/51 MP: 6/6
  3102 | D:3      | Found a shimmering altar of Xom.
  3319 | D:3      | Found a runed translucent door.
  3320 | D:3      | Noticed Crazy Yiuf
  3367 | D:3      | Identified a scroll of acquirement
  3367 | D:3      | Acquired the +1 pair of boots "Kaug" {rCorr}
  3485 | D:4      | Found Mutsapru's General Store.
  3642 | D:4      | Noticed Blork the orc
  3647 | D:4      | Reached *** piety under Sif Muna
  3745 | D:3      | Reached skill level 7 in Polearms
  3767 | D:4      | Killed Blork the orc
  3768 | D:4      | Found a radiant altar of Vehumet.
  3873 | D:4      | Your scales start taking on a glossy black colour.
  3873 | D:4      | Reached XP level 7. HP: 49/57 MP: 7/7
  3873 | D:4      | Gained mutation: You are resistant to electric shocks.
                  | (rElec) [Black Draconian growth]
  4126 | D:4      | Reached skill level 1 in Spellcasting
  4231 | D:4      | Learned a level 1 spell: Magic Dart
  4337 | D:4      | You fall into a shaft and drop 1 floor!
  4337 | D:5      | Entered Level 5 of the Dungeon
  4828 | D:4      | Reached skill level 8 in Polearms
  4859 | D:4      | Learned a level 2 spell: Call Imp
  4905 | D:4      | Reached **** piety under Sif Muna
  4910 | D:4      | Found a large runed translucent door.
  4911 | D:4      | Found a large runed translucent door.
  5149 | D:4      | Found a bloodstained altar of Trog.
  5152 | D:4      | Found a shadowy altar of Dithmenos.
  5605 | D:5      | Reached XP level 8. HP: 59/67 MP: 9/11
  5727 | D:5      | Reached skill level 1 in Conjurations
  5906 | D:5      | Found Uguicyf's Magic Scroll Boutique.
  5930 | D:5      | Found a shimmering blue altar of Sif Muna.
  5930 | D:5      | Found a sacrificial altar of Ru.
  6082 | D:5      | Reached skill level 9 in Polearms
  6765 | D:5      | Bought a scroll of brand weapon for 240 gold pieces
  6837 | D:6      | Reached skill level 5 in Fighting
  7754 | D:6      | Killed an unseen horror
  7943 | D:6      | Reached XP level 9. HP: 57/74 MP: 12/14
  8074 | D:6      | Found a blossoming altar of Fedhas.
  8116 | D:6      | Reached skill level 10 in Polearms
  8234 | D:6      | Found a staircase to the Ecumenical Temple.
  8240 | Temple   | Entered the Ecumenical Temple
  8289 | D:6      | Found an iron altar of Okawaru.
  8528 | D:7      | Noticed Maggie
  8558 | D:7      | Killed Maggie
  8952 | D:7      | Noticed Menkaure
  8978 | D:7      | Killed Menkaure
  8979 | D:7      | Reached skill level 11 in Polearms
  9678 | D:7      | Found a large runed translucent door.
  9678 | D:7      | Found a large runed translucent door.
  9680 | D:7      | Noticed JerBear56's ghost (novice GrBe)
  9759 | D:8      | Killed an unseen horror
  9766 | D:8      | Reached ***** piety under Sif Muna
  9766 | D:8      | Received a gift from Sif Muna
  9878 | D:8      | Reached XP level 10. HP: 82/86 MP: 17/17
  9974 | D:8      | Found a flagged portal.
  9979 | Bailey   | Entered a bailey
 10117 | Bailey   | Noticed a two-headed ogre
 10127 | Bailey   | Mangled by an ogre

Illustrated notes

Levels and vault maps discovered:
D:1:      scummos_arrival_star, layout_loops_ring,
          shapermc_ecumenical_altar_rom_forum
D:2:      layout_basic
D:3:      layout_loops_ring, mainiacjoe_overflow_boulevard,
          hangedman_glass_teeth, grunt_ministairs_7, dk_noncrumbling_3,
          uniq_robin, uniq_crazy_yiuf_cottage, uniq_ijyb, uniq_sigmund
D:4:      minmay_thinvault, layout_loops_ring, vehumet_altar_wand_db,
          jmf_multi_god_temple2, serial_forest, infiniplex_forest_lined_1,
          infiniplex_forest_lined_corner, infiniplex_forest_clump_tiny,
          infiniplex_forest_diagonal, infiniplex_forest_zigzag_2,
          infiniplex_forest_clump_C, infiniplex_forest_lined_corner,
          serial_shops, shop, uniq_blork_the_orc
D:5:      layout_loops_cross, amethyst_overflow_temple_binary, serial_shops,
          nicolae_inconvenience_store, kennysheep_generic_room_2
D:6:      layout_cave_pools, mainiacjoe_overflow_alcove_2,
          fedhas_altar_fruit_tree, minmay_temple_entry_fiery, roderic_batcave
D:7:      layout_loops_ring, ebering_ghost_disaster_area,
          hangedman_decor_clover_reticule, uniq_menkaure, uniq_maggie
D:8:      layout_basic, nicolae_qazlal_general_emergency,
          mainiacjoe_overflow_concentric_impassable, enter_bailey_3,
          amethyst_killhole
Temple:   corrupted_temple
Bailey:   bailey_polearm_enchanted_keep_hellmonk, bailey

Skill      XL: |  1  2  3  4  5  6  7  8  9 |
---------------+----------------------------+-----
Dodging        | 3 |  3.0
Polearms       | 3 4 6 7 8 9 11 | 11.5
Spellcasting   | 2 3 4 |  4.9
Fighting       | 4 5 7 |  7.3
Conjurations   | 2 3 |  3.1
Shields        | 4 |  4.3

Action                   |  1- 3 |  4- 6 |  7- 9 | 10-12 || total
-------------------------+-------+-------+-------+-------++-------
Melee: Trident           |   123 |   161 |   510 |    39 ||   833
       Tailslap          |    11 |    16 |    66 |     2 ||    95
Throw: Dart              |       |     1 |     5 |       ||     6
 Cast: Foxfire           |       |       |     6 |       ||     6
 Abil: Breathe Lightning |       |       |    13 |     1 ||    14
  Use: Scroll            |       |    10 |     9 |       ||    19
       Potion            |       |     1 |     3 |     2 ||     6
 Stab: Sleeping          |     3 |     1 |     2 |       ||     6
Armor: Skin              |    25 |    30 |   239 |    10 ||   304
Dodge: Dodged            |    51 |    34 |   247 |    15 ||   347
Block: Buckler           |    25 |    30 |   137 |    10 ||   202
